 Dungeon Crawl Stone Soup version 0.18.1-8-gdd0e5ea (webtiles) character file.

110 Hipnos the Magician (level 4, -2/30 HPs)
             Began as a Mummy Wizard on May 21, 2016.
             Slain by an orc priest
             ... wielding a +0 dagger
              (6 damage)
             ... on level 3 of the Dungeon.
             The game lasted 00:12:41 (2176 turns).

Hipnos the Magician (Mummy Wizard)                  Turns: 2176, Time: 00:12:42

Health: -2/30      AC:  5    Str: 10    XL:     4   Next: 61%
Magic:  6/8        EV: 12    Int: 18    God:
Gold:   108        SH:  0    Dex: 10    Spells: 4 memorised, 1 level left

rFire  x . .     SeeInvis .     g - +0 spear
rCold  + . .     Gourm    .     a - +0 robe
rNeg   + + +     Faith    .     (no shield)
rPois  ∞         Spirit   .     b - +0 hat
rElec  .         Dismiss  .     (no cloak)
rCorr  .         Reflect  .     h - +2 pair of gloves
SustAt .         Harm     .     (no boots)
MR     .....                    i - amulet of magic regeneration
Stlth  ++........               (no ring)
                                (no ring)

@: not resistant to hostile enchantments, unstealthy
A: no food or potions, fire vulnerability, cold resistance 1, negative energy
resistance 3, torment resistance, unbreathing
a: no special abilities


You were on level 3 of the Dungeon.
You were not hungry.

You visited 1 branch of the dungeon, and saw 3 of its levels.

You collected 108 gold pieces.

Inventory:

Hand Weapons
 g - a +0 spear (weapon)
Armour
 a - a +0 robe (worn)
 b - a +0 hat (worn)
 h - a +2 pair of gloves (worn)
Jewellery
 i - an amulet of magic regeneration (around neck)
 j - a +4 amulet of reflection {unknown}
Scrolls
 d - a scroll of noise {unknown}
 e - 3 scrolls of remove curse {unknown}
 f - 2 scrolls of enchant weapon {unknown}
 k - a scroll of magic mapping {unknown}
Books
 c - a book of Minor Magic

   Spells                             Type                      Level
   a - Magic Dart                     Conjuration                  1
   b - Blink                          Translocation                2
   c - Call Imp                       Summoning                    2
   d - Repel Missiles                 Charms/Air                   2
   e - Slow                           Hexes                        2
   f - Conjure Flame                  Conjuration/Fire             3
   g - Mephitic Cloud                 Conjuration/Poison/Air       3


   Skills:
 + Level 0.2 Fighting
 + Level 1.6 Dodging
 - Level 1.5 Stealth
 + Level 3.0 Spellcasting
 - Level 2.0 Conjurations
 * Level 3.0 Summonings
 - Level 0.7 Translocations


You had one spell level left.
You knew the following spells:

 Your Spells              Type           Power        Failure   Level  Hunger
a - Magic Dart            Conj           ##..         10%         1    N/A
b - Call Imp              Summ           ##......     10%         2    N/A
c - Blink                 Tloc           N/A          21%         2    N/A
d - Conjure Flame         Conj/Fire      #.......     34%         3    N/A

Dungeon Overview and Level Annotations

Branches:
Dungeon (3/15)

Altars:


Innate Abilities, Weirdness & Mutations

You do not eat or drink.
Your flesh is vulnerable to fire.
You are immune to poison.
Your flesh is cold resistant.
You are immune to negative energy.
You are immune to unholy pain and torment.
You can survive without breathing.


Message History

You barely miss the orc priest.
The orc priest is heavily wounded.
The kobold closely misses you.
The orc priest hits you but does no damage.
Your white imp closely misses the orc priest.
Your white imp completely misses the orc priest.
You hit the orc priest.
The orc priest is severely wounded.
The kobold closely misses you.
The orc priest calls down the wrath of Beogh upon you.
You are unaffected.
Your white imp hits the orc priest but does no damage.
Your white imp gestures at the orc priest.
The puff of frost misses the orc priest.
The puff of frost hits you! You resist. The kobold hits you but does no damage.
You closely miss the orc priest.
The orc priest is severely wounded.
Your white imp barely misses the orc priest.
The orc priest hits you with a dagger.
You die...

#####
#5o@#
#....5.K#
###.#.#.[
.. #.....
# # ...5.
.......
........
..........


You could see an orc priest, a kobold, a friendly crimson imp and 2 friendly
white imps.

Vanquished Creatures
  2 orc wizards (D:2)
  2 giant geckos (D:1)
  4 bats
  A giant cockroach (D:1)
  3 goblins
  3 hobgoblins
  3 kobolds
  2 giant newts (D:1)
  8 rats
28 creatures vanquished.

Vanquished Creatures (collateral kills)
  A gnoll (D:1)
  An ooze (D:1)
  2 dart slugs
  2 orcs (D:2)
  A bat (D:1)
  2 giant cockroaches (D:1)
  2 goblins (D:1)
  A hobgoblin (D:1)
  7 jackals
  A kobold (D:1)
  A rat (D:2)
21 creatures vanquished.

Grand Total: 49 creatures vanquished

Notes
Turn   | Place    | Note
--------------------------------------------------------------
     0 | D:1      | Hipnos the Mummy Wizard began the quest for the Orb.
     0 | D:1      | Reached XP level 1. HP: 13/13 MP: 4/4
   138 | D:1      | Reached skill level 1 in Conjurations
   334 | D:1      | Reached XP level 2. HP: 19/19 MP: 3/6
   561 | D:1      | Learned a level 2 spell: Call Imp
   625 | D:1      | Reached skill level 1 in Summonings
   829 | D:1      | Reached XP level 3. HP: 21/24 MP: 3/7
  1341 | D:1      | Learned a level 2 spell: Blink
  1345 | D:1      | Learned a level 3 spell: Conjure Flame
  1872 | D:2      | Reached XP level 4. HP: 17/30 MP: 8/8
  2176 | D:3      | Slain by an orc priest

Skill      XL: |  1  2  3  4 |
---------------+-------------+-----
Conjurations   | 1 2 |  2.0
Summonings     | 1 2 3 |  3.0
Fighting       | |  0.2
Dodging        | |  1.6
Stealth        | |  1.5
Spellcasting   | |  3.0
Translocations | |  0.7

Action                   |  1- 3 |  4- 6 || total
-------------------------+-------+-------++-------
Melee: Unarmed           |    31 |       ||    31
       Spear             |    19 |    20 ||    39
 Cast: Magic Dart        |    51 |     3 ||    54
       Call Imp          |    20 |     8 ||    28
 Stab: Distracted        |     1 |       ||     1
       Sleeping          |     1 |       ||     1
Armor: Robe              |    11 |    16 ||    27
Dodge: Dodged            |    58 |    22 ||    80
